 Dungeon Crawl Stone Soup version 0.29.0-4-gdea44cf6ec (webtiles) character file.

Game seed: 24654791816151731

25 qw the Chopper (level 3, 0/21 HPs)
             Began as a Tengu Warper on Aug 28, 2022.
             Succumbed to an adder's poison
             ... on level 2 of the Dungeon.
             The game lasted 00:00:08 (1375 turns).

qw the Chopper (Tengu Warper)                       Turns: 1375, Time: 00:00:08

Health: 0/21       AC:  3    Str: 13    XL:     3   Next: 4%
Magic:  7/7        EV: 12    Int: 13    God:
Gold:   99         SH:  0    Dex: 13    Spells: 6/6 levels left

rFire   . . .      SeeInvis .   Y - +0 hand axe (drain)
rCold   . . .      Faith    .   (no shield)
rNeg    . . .      Spirit   .   b - +0 leather armour
rPois   .          Reflect  .   (helmet restricted)
rElec   .          Harm     .   (no cloak)
rCorr   .          Rampage  .   (no gloves)
Will    .....                   (boots unavailable)
Stlth   +.........              (no amulet)
HPRegen 0.07/turn               (no ring)
MPRegen 0.10/turn               (no ring)

@: lethally poisoned (0 -> -3)
A: beak, talons 3
a: no special abilities


You were on level 2 of the Dungeon.
You visited 1 branch of the dungeon, and saw 2 of its levels.

You collected 99 gold pieces.


Innate Abilities, Weirdness & Mutations

You have a beak for a mouth.
You have claws for feet.


   Skills:
 - Level 2.0 Fighting
 + Level 3.8 Axes
 - Level 1.0 Throwing
 - Level 1.1 Armour
 - Level 2.1 Dodging
 - Level 2.0 Spellcasting
 - Level 2.4 Translocations


You had 6 spell levels left.
You didn't know any spells.
Your spell library contained the following spells:

 Spells                   Type           Power      Damage    Failure   Level
 Blink                    Tloc           14%        N/A       19%         2
 Gell's Gravitas          Tloc           7%         N/A       36%         3
 Lesser Beckoning         Tloc           7%         N/A       36%         3
 Teleport Other           Tloc           7%         N/A       36%         3
 Manifold Assault         Tloc           7%         N/A       98%         5

Inventory:

Hand Weapons
 d - a +0 club
 Y - a +0 hand axe of draining (weapon)
Armour
 b - a +0 leather armour (worn)
Jewellery
 e - a ring of ice
Scrolls
 a - a scroll of silence {unknown}
 c - a scroll of poison {unknown}
Potions
 h - a potion of curing {unknown}
 i - a potion of cancellation

Dungeon Overview and Level Annotations

Branches:
Dungeon (2/15)

Altars:


Message History

The giant cockroach bites you but does no damage.
You hit the giant cockroach. You drain the giant cockroach.
You kill the giant cockroach!
You start resting.
HP restored.
You now have 99 gold pieces (gained 8).
a - a scroll labelled UMUQ GUDUOZXED
Enter note:
c - a scroll labelled CUUSOMN UTEDI
Found an escape hatch in the floor.
A hobgoblin comes into view.
The hobgoblin shouts!
An adder comes into view.
You barely miss the hobgoblin.
The adder hisses angrily.
You claw the hobgoblin.
You kill the hobgoblin!
You hit the adder. You claw the adder.
The adder is heavily wounded.
The adder bites you. x2
You hit the adder.
The adder is almost dead.
The adder closely misses you.
You completely miss the adder. Your kick misses the adder.
The adder is almost dead.
The adder bites you.
You are lethally poisoned!
The adder poisons you!
You closely miss the adder. Your kick misses the adder.
The adder is almost dead.
You feel sick. The adder closely misses you. The adder bites you.
You miss the adder. You peck the adder.
You kill the adder!
You feel sick.
You have reached level 3!
Your experience leads to an increase in your attributes!
Increase (S)trength, (I)ntelligence, or (D)exterity?
You feel stronger. x2
There is a lethal amount of poison in your body!
You die...

######### ........#
........# #.......#####
........#...#
..#.#####...############
..#.............@%......
..#######.......########
..#.....................
..#.#####...............
... ...................
#.#. ###########........
...# #........ #........
#........


There were no monsters in sight!

Vanquished Creatures
  An adder (D:2)
  An endoplasm (D:1)
  A giant cockroach (D:2)
  2 goblins (D:1)
  3 hobgoblins
  A kobold (D:1)
  A quokka (D:1)
  A ball python (D:1)
  A bat (D:1)
  2 frilled lizards (D:1)
  A rat (D:1)
15 creatures vanquished.

Vanquished Creatures (others)
  9 plants (D:1)
9 creatures vanquished.

Grand Total: 24 creatures vanquished

Notes
Turn   | Place    | Note
-------+----------+-------------------------------------------
     0 | D:1      | qw the Tengu Warper began the quest for the Orb.
     0 | D:1      | Reached XP level 1. HP: 12/12 MP: 4/4
     0 | D:1      | 0 ||| qw: Version: 0.1-a-89-g26bdef1
     0 | D:1      | 0 ||| qw: Game counter: 3399
     0 | D:1      | 0 ||| qw: Always use a shield: true
     0 | D:1      | 0 ||| qw: God list: Okawaru
     0 | D:1      | 0 ||| qw: Allow faded altars: false
     0 | D:1      | 0 ||| qw: Do Orc after D:15 true
     0 | D:1      | 0 ||| qw: Do second Lair branch before Depths: true
     0 | D:1      | 0 ||| qw: Lair rune preference: random
     0 | D:1      | 0 ||| qw: Plans: Normal
     0 | D:1      | 0 ||| PLANNING D:1-11
   152 | D:1      | Found a faded altar of an unknown god.
   243 | D:1      | HP: 2/12 [quokka (3)]
   549 | D:1      | 549 ||| Stepping ~*~*~tactically~*~*~ (stealth).
   557 | D:1      | Reached skill level 3 in Axes
   557 | D:1      | Reached XP level 2. HP: 17/17 MP: 6/6
  1250 | D:1      | 1250 ||| READING scroll labelled DEEDDEG DONO.
  1251 | D:1      | 1251 ||| READING scroll labelled IXURAQ HOOZO.
  1252 | D:1      | 1252 ||| DRINKING 3 fuming yellow potions.
  1272 | D:1      | 1272 ||| DRINKING 2 metallic silvery potions.
  1273 | D:1      | 1273 ||| DROPPING scroll of blinking.
  1274 | D:1      | 1274 ||| DROPPING 2 potions of lignification.
  1373 | D:2      | HP: 4/17 [poisoned by an adder]
  1374 | D:2      | HP: 1/17 [poisoned by an adder]
  1375 | D:2      | Reached XP level 3. HP: 1/21 MP: 7/7
  1375 | D:2      | Succumbed to an adder's poison

Levels and vault maps discovered:
D:1:      roderic_crop_circles_arrival_small, layout_basic,
          ebering_ecumenical_altar_petrified, chequers_serial_rivers_micro_a
D:2:      layout_basic, basic_altar, minmay_mini_jars

Skill      XL: |  1 |
---------------+----+-----
Axes           | 3 |  3.8
Fighting       | |  2.0
Throwing       | |  1.0
Armour         | |  1.1
Dodging        | |  2.1
Spellcasting   | |  2.0
Translocations | |  2.4

Action                   || total
-------------------------++-------
Melee: Hand axe          ||    41
       Kick              ||     7
       Peck              ||     5
Throw: Boomerang         ||     7
  Use: Scroll            ||     2
       Potion            ||     2
Armor: Leather armour    ||     7
Dodge: Dodged            ||    16

Table legend:
 A = Non-vault XP
 B = Vault XP
 C = Vault XP percentage of total XP
 D = Non-vault monster count
 E = Vault monster count
 F = Vault count percentage of total count
                 A         B        C        D         E       F
            +---------+---------+-------+---------+---------+-------
      Total |      36 |       0 |   0.0 |      15 |       0 |   0.0
            +---------+---------+-------+---------+---------+-------
        D:1 |      19 |       0 |   0.0 |      12 |       0 |   0.0
        D:2 |      17 |       0 |   0.0 |       3 |       0 |   0.0
            +---------+---------+-------+---------+---------+-------
